AoeStats
← Lukan

Four Lakes

503726640Analyzed
2v2 RM · 3mo ago on Sep 2, 2026· 35m 42s· 4 players
Game mode
Random Map
Map size
Medium (4 player)
Population
200
Speed
Normal
Resources
Standard
Victory
Conquest
Starting age
Dark Age
Ending age
Imperial Age
RankedLock teamsTeams togetherTeam positionsShared explorationLock speedFull tech treeHidden civsTurbo modeCheats
Victory
Defeat
🇦🇷 Spanish · Argentina
1132
+17
🇵🇪 Shu · Peru
1093
+19
vs
🇦🇷 Berbers · Argentina
1171
-19
🇦🇷 Dravidians · Argentina
1145
-18
monJ3__
10:41 Feudal Age
8:57 Loom
15:16 Castle Age
13:26 Double-Bit Axe
25:03 Fletching
25:27 Gold Mining
30:46 Padded Archer Armor
Lukan
6:33 Loom
8:58 Feudal Age
9:26 Double-Bit Axe
11:32 Town Watch
20:35 Castle Age
19:43 Gold Mining
19:36 Horse Collar
20:53 Wheelbarrow
23:44 Gold Shaft Mining
23:23 Bow Saw
22:49 Crossbowman
23:35 Thumb Ring
23:25 Fletching
24:14 Padded Archer Armor
24:10 Bodkin Arrow
27:24 Leather Archer Armor
28:49 Ballistics
30:09 Pikeman
31:07 Scale Mail Armor
32:45 Chain Mail Armor
35:16 Hand Cart
34:59 Stone Mining
36:07 Forging
MatuAKD
4:27 Loom
9:26 Feudal Age
9:56 Double-Bit Axe
18:55 Bloodlines
18:55 Scale Barding Armor
19:01 Forging
25:10 Castle Age
23:01 Horse Collar
24:07 Gold Mining
26:21 Chain Barding Armor
25:30 Light Cavalry
26:12 Husbandry
33:38 Iron Casting
Huscarlos
11:14 Feudal Age
11:44 Loom
12:32 Double-Bit Axe
14:22 Fishing Lines
22:57 Castle Age
32:49 Fletching
33:01 Padded Archer Armor
34:14 Elite Skirmisher
Connection lost

Rejoining the realm…

Still unreachable

The connection could not be restored.

Session expired

The server has moved on; the page needs a fresh start.